[Event "4th Tata Steel India Rapid Women 2022"]
[Site "Kolkota"]
[Date "2022.11.29"]
[Round "1.1"]
[White "Muzychuk, Anna"]
[Black "Koneru, Humpy"]
[Result "0-1"]
[ECO "C60"]
[WhiteElo "2525"]
[BlackElo "2574"]
[Annotator "TA"]
[PlyCount "60"]
[EventDate "2022.11.29"]
[EventType "tourn"]
[EventCountry "IND"]
[SourceTitle "playchess.com"]
[Source "ChessBase"]
[SourceQuality "1"]
[TimeControl "900+10"]

1. e4 e5 2. Nf3 Nc6 3. Bb5 Nge7 4. Nc3 Ng6 5. d4 exd4 6. Nxd4 {[%emt 0:00:02] C60: Ruy Lopez: Unusual Black 3rd moves and 3...g6.} Nxd4 $1 {[%emt 0:00:03][%mdl 4] is recently more successful than 6...Bc5.} 7. Qxd4 c6 8. Be2 {[%emt 0:01:02] The position is equal.} (8. Bd3 {simplifies} Qb6 9. Ne2 Qxd4 10. Nxd4 Ne5 11. Be2) 8... Qb6 9. Be3 Qxb2 10. Rb1 Qa3 (10... Qxc2 $2 11. Rb3 Be7 12. Bd1 $18) 11. O-O Qd6 {[%emt 0:01:36] Prevents e5.} 12. Qc4 {[%emt 0:02:09] [#]} Be7 $146 (12... b5 $5 13. Qb3 a5 $11) ({Predecessor:} 12... Nf4 13. Rfd1 Qe5 14. Bg4 Be7 15. g3 Ne6 16. f4 Qa5 17. Kg2 b5 18. Qd3 b4 {1-0 (42) De la Villa Garcia,J (2485)-Allan,D (2310) Szirak 1987}) 13. f4 b5 {[%emt 0:02:11] Prevents e5.} 14. Qb3 O-O 15. a4 a6 16. e5 Qc7 17. Ne4 $1 d5 (17... Bb7 {looks sharper.} 18. Rfd1 c5 19. Nd6 Bxd6 20. Rxd6 Bc6) 18. exd6 Bxd6 19. Nxd6 Qxd6 20. f5 (20. Rbd1 $1 $11 Qe7 21. Bf3) 20... Ne7 $15 21. f6 {[%emt 0:01:22] aiming for fxg7.} Nd5 $36 {[%emt 0:00:22][%mdl 2048] And now ...Re8 would win. Black has the initiative.} 22. Rbd1 {[%emt 0:01:13] [#] Threatens to win with fxg7.} Qe5 $1 (22... gxf6 $6 23. c4 bxc4 24. Bxc4 $11) 23. fxg7 (23. Bc5 $17 Nc3 24. Bxf8) 23... Re8 $19 {[%emt 0:00:21] Chess con chili.} ({Stronger than} 23... Qxe3+ 24. Qxe3 Nxe3 25. gxf8=B (25. gxf8=R+ Kxf8 26. Bf3 Nxd1 $11) 25... Kxf8 26. Bf3 (26. Rd8+ Ke7 $17) 26... Nxd1 27. Bxc6 $11 (27. Rxd1 bxa4 28. Bxc6 Rb8 $11)) 24. Rf3 (24. Bd2 Qd4+ 25. Kh1 Rxe2 26. Qf3) 24... Bg4 (24... Nxe3 $2 25. Qxf7#) 25. Rdf1 Bxf3 (25... Nxe3 $2 26. Qxf7#) 26. Rxf3 Re7 (26... Nxe3 $2 27. Qxf7#) 27. Bd3 Nxe3 28. Bxh7+ Kxh7 {[%emt 0:00:03] Black mates.} 29. Qd3+ Kg8 30. Rh3 Nf5 {[%emt 0:00:10] Weighted Error Value: White=1.13/Black=0.29 (precise)} ({But not} 30... bxa4 31. Qh7#) (30... Qa1+ $142 31. Kf2 Nd1+ 32. Kg3 Qe5+ 33. Kf3 Qf6+ 34. Kg3 Qg5+ 35. Kf3 Re3+ 36. Qxe3 Qxe3+ 37. Kg4 Nf2+ 38. Kf5 Qe4+ 39. Kg5 Nxh3+ 40. Kh5 Kxg7 41. gxh3 Rh8+ 42. Kg5 f6#) 0-1

[Event "4th Tata Steel India Rapid Women 2022"]
[Site "Kolkota"]
[Date "2022.11.29"]
[Round "1.2"]
[White "Muzychuk, Mariya"]
[Black "Vantika Agrawal"]
[Result "1-0"]
[ECO "B90"]
[WhiteElo "2528"]
[BlackElo "2362"]
[Annotator "TA"]
[PlyCount "96"]
[EventDate "2022.11.29"]
[EventType "tourn"]
[EventCountry "IND"]
[SourceTitle "playchess.com"]
[Source "ChessBase"]
[SourceQuality "1"]
[TimeControl "900+10"]

1. e4 c5 2. Nf3 d6 3. d4 cxd4 4. Nxd4 Nf6 5. Nc3 a6 6. Be3 e5 7. Nf3 Be7 8. Bc4 Be6 9. Bxe6 {[%emt 0:01:38] B90: Sicilian Najdorf: Unusual White 6th moves, 6 Be3 Ng4 and 6 Be3 e5.} fxe6 10. Ng5 Qd7 11. Qf3 {[%emt 0:00:07] The position is equal.} Nc6 12. Qh3 {[%emt 0:01:04] Hoping for Na4.} Nd8 $1 13. Bb6 h6 14. O-O (14. Bxd8 Bxd8 15. Nxe6 (15. Qxe6+ Qe7 $11) 15... Ba5 $11) (14. O-O-O $14) 14... O-O 15. Bxd8 hxg5 16. Bxe7 Qxe7 {[%emt 0:00:03] [#]} 17. Qg3 $146 ({Predecessor:} 17. Rad1 Rac8 18. Qe3 g4 19. Qb6 Rc6 20. Qb4 Qc7 21. Rd3 Rd8 22. Rfd1 Rc4 23. Qb3 {0-1 (33) Martinez Montes,J (2069)-Sarana,A (2662) Santiago de Compostela 2022}) 17... g4 18. a4 Rac8 19. Rad1 Rc6 20. Rd3 Qc7 (20... Rb6 $5 ) 21. h3 Rc4 22. Re1 gxh3 23. Qxh3 Qe7 24. Qh4 (24. Red1 $5 ) 24... Rfc8 25. Qg5 Rb4 26. b3 Rd4 {[%emt 0:00:10] [#] And now ...Rxd3 would win.} 27. Rh3 Qe8 28. Ree3 {[%emt 0:00:40] aiming for Reg3.} b5 $2 {[%emt 0:00:10][%mdl 8192] White now steadily converts the win.} (28... Rxc3 $1 $11 {and Black is okay.} 29. Rxc3 Nxe4) 29. axb5 $18 axb5 30. Reg3 $40 {[%emt 0:00:11][%csl Gg3][%cal Rg5g7][%mdl 128] White attacks with force.} Qe7 (30... Qf8 31. Kh2 (31. Nxb5 Rd1+ 32. Kh2 Rxc2 $17) 31... b4) 31. Rh6 ({Not} 31. Nxb5 Rd1+ 32. Kh2 Rxc2 $11) 31... b4 32. Rg6 ({Worse is} 32. Qxf6 Qxf6 33. Rxf6 Rxc3 $11) 32... Rc7 33. Nb5 ({Inferior is} 33. Qxf6 Qxf6 34. Rxf6 Rxc3 $11) 33... Rd1+ 34. Kh2 Nxe4 {[%emt 0:00:11] [#]} 35. Rxg7+ $3 {[%emt 0:00:16][%mdl 576] Deflection} Qxg7 36. Qd8+ Kh7 37. Rxg7+ Rxg7 38. Qh4+ Kg8 39. Qxe4 Rh7+ 40. Kg3 Rg7+ 41. Kf3 Rf7+ 42. Ke2 Rd5 43. Qxb4 Rc5 44. Qg4+ Kf8 45. c4 Ke7 46. Qg5+ {[%emt 0:00:15] White mates.} Kd7 47. Qg8 Re7 48. Qb8 Rc8 {[%emt 0:00:12] Weighted Error Value: White=0.12 (very precise) /Black=0.24 (precise)} 1-0

[Event "4th Tata Steel India Rapid Women 2022"]
[Site "Kolkota"]
[Date "2022.11.29"]
[Round "1.3"]
[White "Savitha Shri B"]
[Black "Dzagnidze, Nana"]
[Result "0-1"]
[ECO "B47"]
[WhiteElo "2411"]
[BlackElo "2517"]
[Annotator "TA"]
[PlyCount "98"]
[EventDate "2022.11.29"]
[EventType "tourn"]
[EventCountry "IND"]
[SourceTitle "playchess.com"]
[Source "ChessBase"]
[SourceQuality "1"]
[TimeControl "900+10"]

1. e4 c5 2. Nf3 e6 3. d4 cxd4 4. Nxd4 Nc6 5. Nc3 Qc7 6. Nxc6 bxc6 7. Bd3 Nf6 8. O-O d5 9. exd5 {[%emt 0:02:02] B47: Sicilian: Taimanov: 5 Nc3 Qc7 6 f4, 6 g3 and 6 Be2.} exd5 10. Re1+ Be7 11. Qf3 {[%emt 0:00:42] White has an edge.} O-O 12. Bf4 Bd6 13. Bxd6 Qxd6 {[%emt 0:00:01] [#]} 14. Qg3 $146 ({Predecessor:} 14. h3 Bb7 15. Re2 Rfe8 16. Rae1 c5 17. Rxe8+ Rxe8 18. Rxe8+ Nxe8 19. Qe3 Bc6 20. Nb5 Bxb5 21. Bxb5 {½-½ (26) Luksas,J (2440)-Schroeder,F (2487) ICCF corr 1997}) 14... Qb4 (14... Qxg3 {simplifies} 15. hxg3 c5 16. b3 Be6) 15. a3 Qb8 (15... Qxb2 $2 16. Reb1 Qxc3 17. Bxh7+ $1 Nxh7 18. Qxc3 $18) 16. b4 Qxg3 (16... Bd7 {seems wilder.} 17. Qe5 a5 18. b5 Rc8) 17. hxg3 Be6 18. Ne2 a5 19. Nd4 axb4 20. axb4 ({Don't play} 20. Nxc6 bxa3 21. Ra2 Bd7 $15) 20... Bd7 21. Nb3 Rfb8 22. c3 (22. Ra5 $1 $14) 22... Kf8 23. f3 h5 {[%emt 0:00:08] Prevents g4.} 24. Kf2 g6 ({Black should play} 24... Be6 $11) 25. Reb1 (25. Nc5 $14) 25... Ne8 $11 26. Nc5 Bc8 27. Ba6 Bxa6 $2 (27... Nc7 $11 {and Black stays safe.} 28. Bd3 Ke7) 28. Nxa6 $2 ({Only move:} 28. Nd7+ $18 Ke7 29. Nxb8 Rxb8 30. Rxa6) 28... Rb7 {[%emt 0:00:21] And now ...Rba7 would win.} 29. Nc5 Rba7 30. Nd7+ Ke7 31. Rxa7 Rxa7 {[%emt 0:00:02][%mdl 4096] Endgame KRN-KRN} 32. Ne5 Kd6 33. Nd3 (33. Re1 $11 {remains equal.}) 33... Nc7 $17 34. Ke3 {[%emt 0:00:30] [#]} Nb5 $1 35. Kd2 {[%emt 0:00:12] [#]} (35. Rc1 $142) 35... Na3 $1 36. Re1 Nc4+ 37. Kc2 $2 {[%emt 0:00:01] This move loses the game for White.} (37. Kd1 $17 {was worth a try.}) 37... Ra2+ $19 38. Kb3 Rxg2 39. Re8 $2 (39. Nc5) 39... Rxg3 {[%emt 0:00:20] Black is clearly winning.} 40. Nc5 Rxf3 41. Rd8+ Ke7 42. Rc8 Ne5 43. Rc7+ Kf6 {[%emt 0:00:36] White must now prevent ...h4.} 44. Na6 h4 {[%emt 0:00:19][%cal Bh5h4,Bh4h3][%mdl 32] Strongly threatening ...h3.} 45. Rc8 h3 {[%emt 0:00:04] aiming for ...Kg7.} 46. Rh8 Kg7 47. Rh4 g5 48. Rh5 Kg6 49. Rh8 g4 {[%emt 0:00:04] Weighted Error Value: White=0.69/Black=0.16 (very precise)} 0-1

[Event "4th Tata Steel India Rapid Women 2022"]
[Site "Kolkota"]
[Date "2022.11.29"]
[Round "1.4"]
[White "Vaishali, Rameshbabu"]
[Black "Harika, Dronavalli"]
[Result "1/2-1/2"]
[ECO "D10"]
[WhiteElo "2454"]
[BlackElo "2507"]
[Annotator "TA"]
[PlyCount "83"]
[EventDate "2022.11.29"]
[EventType "tourn"]
[EventCountry "IND"]
[SourceTitle "playchess.com"]
[Source "ChessBase"]
[SourceQuality "1"]
[TimeControl "900+10"]

1. d4 d5 2. c4 c6 3. cxd5 cxd5 4. Bf4 Nc6 5. e3 e6 6. Nc3 {[%emt 0:00:08] D10: Slav Defence: 3 cxd5 (without early Nf3) and 3 Nc3.} Bd6 $1 {[%emt 0:00:06] 6...Bd6 is better than 6...Nf6.} 7. Bg3 Nge7 8. Bd3 {[%emt 0:00:10] White has an edge.} h6 9. Nf3 {[%emt 0:00:32] [#]} Bxg3 $146 ({Predecessor:} 9... O-O 10. O-O Bxg3 11. hxg3 Qd6 12. Rc1 Rd8 13. Nb5 Qb8 14. Qb3 Bd7 15. Qa3 Be8 {0-1 (70) Abdusattorov,N (2651)-Matlakov,M (2674) Chess.com INT 2022}) 10. hxg3 Bd7 11. a3 a6 12. Rc1 Qa5 13. g4 b5 14. g5 (14. Kf1 {is more complex.} f6 15. g5 fxg5 16. Nxg5 O-O 17. Kg1) 14... b4 15. axb4 Nxb4 16. gxh6 (16. Bb1 $142) 16... Rxh6 17. Rxh6 gxh6 18. Ne5 Nec6 19. Nxd7 {[%emt 0:02:36] White is more active.} Kxd7 20. Bb1 {[%emt 0:00:02] Inhibits Na2.} Rg8 21. Kf1 Qd8 22. Qf3 f5 23. Na4 (23. Qh5 $16) 23... Qh4 $14 {[%emt 0:00:28] [#] Hoping for ...Qh1+.} 24. Nc5+ Kd6 $1 25. g3 Qg4 26. Qxg4 {[%emt 0:00:45] The board is on fire.} (26. Qh1 {with more complications.} h5 27. Qh2 a5 28. Bd3) 26... fxg4 27. Bd3 Rb8 28. Be2 h5 29. b3 e5 {[%emt 0:00:27] The position is equal.} 30. dxe5+ Nxe5 31. Nxa6 Nxa6 32. Bxa6 Rxb3 $11 {[%emt 0:00:01][%mdl 4096] Endgame KRB-KRN} 33. Be2 Nc6 34. Rc2 d4 {[%emt 0:00:09] [#] ...d3 is the strong threat.} 35. Rd2 {[%emt 0:00:08] Prevents d3.} Ke5 36. exd4+ Nxd4 37. Kg2 Rb1 38. Bd1 Rc1 39. Rd3 Ra1 40. Re3+ Kf6 41. Rd3 Ke5 42. Re3+ {[%emt 0:00:03] Weighted Error Value: White=0.10 (very precise) /Black=0.07 (flawless)} 1/2-1/2

[Event "4th Tata Steel India Rapid Women 2022"]
[Site "Kolkota"]
[Date "2022.11.29"]
[Round "1.5"]
[White "Kiolbasa, Oliwia"]
[Black "Ushenina, Anna"]
[Result "0-1"]
[ECO "B41"]
[WhiteElo "2406"]
[BlackElo "2454"]
[Annotator "TA"]
[PlyCount "98"]
[EventDate "2022.11.29"]
[EventType "tourn"]
[EventCountry "IND"]
[SourceTitle "playchess.com"]
[Source "ChessBase"]
[SourceQuality "1"]
[TimeControl "900+10"]

1. e4 c5 2. Nf3 e6 3. d4 cxd4 4. Nxd4 a6 5. c4 Nf6 6. Nc3 Qc7 7. Be2 b6 8. O-O Bb7 9. Qd3 {[%emt 0:01:06] 9.Qd3 scores better than 9.f3.} Bb4 10. f3 {[%emt 0:02:01] B41: Sicilian: Kan Variation: 5 c4.} (10. Bg5 {looks sharper.} Nc6 11. Nxc6 Bxc6 12. Rad1) 10... Nc6 11. Nxc6 dxc6 {[%emt 0:00:06] [#]} 12. a3 $146 {[%emt 0:02:55] The position is equal.} ({Predecessor:} 12. Be3 Nd7 13. Rad1 Rd8 14. a3 Be7 15. f4 e5 16. b4 Nf8 17. Qc2 Ne6 18. fxe5 {½-½ (33) Kanarek,M (2484)-Teclaf,P (2542) Bydgoszcz 2022}) 12... Bc5+ 13. Kh1 $1 ({Avoid the trap} 13. Be3 $2 Rd8 $19) 13... Rd8 14. Qc2 Bd4 15. f4 e5 16. f5 (16. c5 {with more complications.} O-O 17. cxb6 Qxb6 18. fxe5 Bxe5 19. Na4) 16... h6 17. Bf3 O-O 18. Ne2 c5 19. Ng3 Bc6 20. Qe2 (20. Bd2 $142) 20... b5 $17 {[%emt 0:00:00] Black is more active.} 21. Nh5 Qe7 22. Nxf6+ Qxf6 23. g4 (23. Re1 $17) 23... Qh4 (23... bxc4 $19 24. Qg2 Qe7) 24. f6 $2 (24. a4 $17 {was worth a try.}) 24... Qxf6 $19 (24... gxf6 $2 25. Bg2 $19) 25. g5 hxg5 26. Qg2 Qg6 (26... bxc4 $2 {too greedy.} 27. Bxg5 Qg6 28. Bxd8 Qxg2+ 29. Bxg2 $19) 27. Re1 g4 28. Bxg4 f5 29. Bf3 Qxg2+ 30. Bxg2 Bxe4 31. Bxe4 fxe4 32. cxb5 axb5 33. Rb1 Rf2 34. Bg5 Rdf8 35. b3 Ra2 {[%emt 0:00:05] [#] Strongly threatening ...Rff2.} 36. Rxe4 Rff2 37. Rh4 Rxa3 38. Be7 Raa2 {[%emt 0:00:10] And now ...c4 would win.} 39. b4 cxb4 40. Bxb4 Rab2 41. Rxb2 Rxb2 {[%emt 0:00:01][%mdl 4096] Endgame KRB-KRB} 42. Bd6 Kf7 {[%emt 0:00:11] [#] White must now prevent ...Ke6.} 43. Re4 Ke6 44. Bf8 Kf5 (44... b4 $142 45. Re1 b3) 45. Re1 g6 {[%emt 0:00:14] ...b4 is the strong threat.} 46. Bh6 b4 {[%emt 0:00:10][%cal Bb5b4,Bb4b3,Bb3b2][%mdl 32] Black mates.} 47. h3 b3 48. Rf1+ Rf2 49. Rb1 b2 {[%emt 0:00:03] White got outplayed after the opening.   Weighted Error Value: White=0.59/Black=0.10 (very precise)} 0-1

[Event "4th Tata Steel India Rapid Women 2022"]
[Site "Kolkota"]
[Date "2022.11.29"]
[Round "2.1"]
[White "Harika, Dronavalli"]
[Black "Kiolbasa, Oliwia"]
[Result "1-0"]
[ECO "E06"]
[WhiteElo "2507"]
[BlackElo "2406"]
[Annotator "TA"]
[PlyCount "93"]
[EventDate "2022.11.29"]
[EventType "tourn"]
[EventCountry "IND"]
[SourceTitle "playchess.com"]
[Source "ChessBase"]
[SourceQuality "1"]
[TimeControl "900+10"]

1. c4 e6 2. g3 d5 3. d4 Nf6 4. Bg2 Be7 5. Nf3 O-O 6. Nc3 dxc4 7. Ne5 c5 8. dxc5 Qxd1+ 9. Nxd1 Bxc5 10. O-O Nd5 {[%emt 0:01:56] E06: Closed Catalan: Early deviations.} 11. Ne3 Nxe3 12. Bxe3 Bxe3 {[%emt 0:00:55] The position is equal.} 13. fxe3 Nc6 (13... c3 $11) 14. Nxc4 $16 {[%emt 0:03:34] [#] White has more active pieces. The black rooks are badly placed.} ({Reject} 14. Bxc6 bxc6 15. Rac1 Ba6 $11) 14... Rd8 $146 ({Predecessor:} 14... Rb8 15. Rac1 Ne7 16. Rfd1 g6 17. Rd3 b6 18. Ne5 Re8 19. Rc7 a5 20. Rxe7 Rxe7 {1-0 (27) Khusenkhojaev,M (2417)-Balabayeva,K (2179) Almaty 2022}) 15. Rad1 Rxd1 16. Rxd1 {[%emt 0:00:02] [#] Black must now prevent Bxc6.} Kf8 17. Bxc6 bxc6 {[%emt 0:00:02][%mdl 4096] Endgame KRB-KRN} 18. Rd6 (18. Ne5 $5 ) 18... Ke7 19. Rxc6 {[%emt 0:00:10] Strongly threatening Rc7+.} Bd7 20. Rc7 {[%emt 0:00:21] [#] aiming for Ne5.} f6 {[%emt 0:00:02] Inhibits Ne5.} (20... Rc8 $14 21. Rxc8 Bxc8) 21. Kf2 (21. b3 $142) 21... Kd8 22. Rb7 Rc8 23. b3 Rc7 24. Rxc7 Kxc7 {[%emt 0:00:01] KB-KN} 25. e4 e5 26. Ke3 Kc6 27. Kd3 Be6 (27... Kc5 $14) 28. Kc3 g6 29. Ne3 a5 $2 {[%emt 0:00:15] This move loses the game for Black.} (29... Kc5 $16) 30. Nc4 $18 a4 31. bxa4 Kc5 32. Ne3 Bxa2 33. Ng4 Bc4 $2 (33... f5 34. exf5 gxf5 35. Nxe5 Be6 36. Nd3+ Kb6) 34. e3 Be2 35. Nxf6 Bd1 $2 (35... h5 36. h4 Bf1) 36. a5 ({Less strong is} 36. Nxh7 Bxa4 37. Nf8 Be8 $18) 36... Bf3 37. Kd3 Bg2 38. Nxh7 Bf1+ 39. Kd2 Kb5 40. Nf8 g5 41. Nd7 Kxa5 42. Nxe5 Kb5 43. Nf7 g4 44. Ne5 Bh3 45. Ke2 Bg2 46. Kd3 Kc5 47. Nxg4 {[%emt 0:00:05] Weighted Error Value: White=0.13 (very precise) /Black=0.62} 1-0

[Event "4th Tata Steel India Rapid Women 2022"]
[Site "Kolkota"]
[Date "2022.11.29"]
[Round "2.2"]
[White "Dzagnidze, Nana"]
[Black "Vaishali, Rameshbabu"]
[Result "1-0"]
[ECO "D78"]
[WhiteElo "2517"]
[BlackElo "2454"]
[Annotator "TA"]
[PlyCount "91"]
[EventDate "2022.11.29"]
[EventType "tourn"]
[EventCountry "IND"]
[SourceTitle "playchess.com"]
[Source "ChessBase"]
[SourceQuality "1"]
[TimeControl "900+10"]

1. d4 Nf6 2. c4 g6 3. g3 c6 4. Nf3 Bg7 5. Bg2 d5 6. O-O O-O 7. a4 {[%emt 0:00:19] 7.Nc3 is the recent fashion. D78: Fianchetto Grünfeld: 6 0-0 c6.} a5 {[%emt 0:01:05] [#]} 8. Bf4 $146 ({Predecessor:} 8. Nc3 dxc4 9. e4 Na6 10. Qe2 Nb4 11. Rd1 Nd3 12. h3 Qb6 13. Rb1 Nxc1 14. Rbxc1 Rd8 15. d5 Bd7 16. Ne5 cxd5 17. Nxd7 Nxd7 18. Nxd5 Qxb2 {½-½ (24) Le,Q (2728)-Erigaisi,A (2718) chess24.com INT 2022}) 8... Na6 9. Qc1 {[%emt 0:01:00] The position is equal.} dxc4 10. Na3 Be6 11. Rd1 Bd5 (11... Ne4 {is more complex.} 12. Nxc4 Nb4 13. Nfe5 Nd6) 12. Nxc4 Nb4 13. Nfe5 Bxg2 14. Kxg2 b5 15. Na3 Rc8 16. f3 Nfd5 17. Bh6 Nb6 (17... bxa4 18. e4 $14 (18. Bxg7 Kxg7 19. e4 f6 $14)) 18. Bxg7 Kxg7 19. axb5 cxb5 20. Qd2 Qd5 21. Ng4 Rfd8 22. e4 (22. Rab1 $11) 22... Qb3 $1 $15 {[%emt 0:00:07] Hoping for ...Nc2.} 23. d5 {[%emt 0:00:04] [#]} (23. Nxb5 $2 Rc2 24. Rac1 Rxd2+ $19) (23. Ne3 $1 $15) 23... Nc2 ({Black should play} 23... N4xd5 $1 $17 {[%cal Oh7h5] Threatens to win with ...h5!} 24. exd5 Rxd5 25. Qh6+ Kg8) 24. Rac1 Nxa3 25. bxa3 {[%emt 0:00:48] And now d6 would win.} Rc4 {[%emt 0:00:02] Prevents d6.} (25... Nc4 $15 26. Qc3+ Qxc3 27. Rxc3 h5) 26. Qh6+ (26. Qxa5 Qb2+ 27. Nf2 Rxc1 $19) (26. Rxc4 Nxc4 27. Qd4+ e5 $17) 26... Kg8 27. Qe3 (27. d6 $5 Qxa3 28. Rxc4 Nxc4 29. dxe7 Qxe7 30. e5 $1 Nxe5 31. Rxd8+ Qxd8 32. Nxe5 $11) 27... Qb2+ 28. Kh3 Rdc8 $2 {[%emt 0:00:08][%mdl 8192] Black is on the road to losing.} (28... Rxc1 $1 $11 {and Black is okay.} 29. Qxc1 Qxc1 30. Rxc1 Rc8) 29. Rb1 $18 Qc2 (29... Qc3 30. d6 (30. Qxb6 Qxf3 31. Qe3 Qxe3 $16) 30... exd6) 30. Qxb6 h5 31. Nf2 R4c5 (31... Qa2 $142 32. Rxb5 Rc2) 32. Kg2 Qe2 33. Re1 Qd2 34. Red1 {[%emt 0:00:10] Inhibits a4.} Qe2 35. Qxa5 Rc3 36. Qxb5 Qxf3+ 37. Kg1 h4 38. gxh4 {[%emt 0:00:06] White is clearly winning.} Qf4 39. Qf1 {[%emt 0:00:42] Against Rh3} Qxh4 40. Rd3 ({But not} 40. Qg2 Rc2 41. Rf1 Kg7 $18) 40... Qg5+ 41. Kh1 Rc2 42. Qg2 Qf4 43. Rf1 Ra2 (43... Rc1 $142 44. Nd1 Qe5) 44. Rf3 Qe5 {[%emt 0:00:10] [#]} 45. Qg3 (45. Rxf7 $142 $3 Kxf7 (45... Qh5 46. Rxe7) 46. Nd3+ Kg7 47. Nxe5 Rxg2 48. Kxg2) 45... Qh5 (45... Qxg3 $142 46. hxg3 Rd2) 46. Qh3 {[%emt 0:00:05] Weighted Error Value: White=0.49/Black=0.46} (46. d6 $142) 1-0

[Event "4th Tata Steel India Rapid Women 2022"]
[Site "Kolkota"]
[Date "2022.11.29"]
[Round "2.3"]
[White "Koneru, Humpy"]
[Black "Ushenina, Anna"]
[Result "1/2-1/2"]
[ECO "D53"]
[WhiteElo "2574"]
[BlackElo "2454"]
[Annotator "TA"]
[PlyCount "43"]
[EventDate "2022.11.29"]
[EventType "tourn"]
[EventCountry "IND"]
[SourceTitle "playchess.com"]
[Source "ChessBase"]
[SourceQuality "1"]
[TimeControl "900+10"]

1. d4 d5 2. c4 e6 3. Nf3 Nf6 4. Nc3 Be7 5. Bg5 h6 6. Bh4 dxc4 7. e3 {[%emt 0:01:43] D53: Queen's Gambit Declined: 4 Bg5 Be7: Early deviations.} c5 8. Bxc4 cxd4 9. Nxd4 Bd7 10. O-O Nc6 11. Nf3 O-O 12. Rc1 Nh5 13. Bxe7 Qxe7 14. Qe2 Rfd8 15. a3 {[%emt 0:00:15] [#]} Be8 $146 ({Predecessor:} 15... Rac8 16. Ba2 a6 17. h3 Be8 18. Bb1 Na5 19. Nd2 Nf6 20. Rfd1 Kf8 21. Ba2 Nc6 {½-½ (30) Kuzubov,Y (2624)-Salgado Lopez,I (2604) Toledo 2021}) 16. b4 Rac8 17. Ba2 a6 18. h3 Rc7 19. Ne4 Nf6 20. Nfd2 (20. Bb1 $11) 20... Nxe4 (20... Ne5 $1 $15 21. Rxc7 Qxc7) 21. Nxe4 $11 Rdc8 {[%emt 0:00:15][%cal Oc6d4] [#] ...Nd4! is the strong threat.} 22. Qb2 {[%emt 0:00:45] Inhibits Nd4. An even fight not without its subleties.   Weighted Error Value: White=0.12 (very precise) /Black=0.05 (flawless)} 1/2-1/2

[Event "4th Tata Steel India Rapid Women 2022"]
[Site "Kolkota"]
[Date "2022.11.29"]
[Round "2.4"]
[White "Vantika Agrawal"]
[Black "Savitha Shri B"]
[Result "1-0"]
[ECO "E69"]
[WhiteElo "2362"]
[BlackElo "2411"]
[Annotator "TA"]
[PlyCount "67"]
[EventDate "2022.11.29"]
[EventType "tourn"]
[EventCountry "IND"]
[SourceTitle "playchess.com"]
[Source "ChessBase"]
[SourceQuality "1"]
[TimeControl "900+10"]

1. d4 Nf6 2. c4 g6 3. g3 Bg7 4. Bg2 c6 5. e4 d6 6. Nc3 O-O 7. Nf3 e5 8. O-O exd4 9. Nxd4 Nbd7 10. h3 Re8 11. Be3 Nc5 12. Qc2 Qe7 13. Rfe1 a5 14. Rad1 Qc7 {[%emt 0:00:45] [#] E69: King's Indian: Fianchetto: 6...Nbd7 7 0-0 e5 8 e4 c6 9 h3.} ({Weaker is} 14... Nfxe4 15. Bxe4 Nxe4 16. Nxe4 Qxe4 17. Bd2 $16) (14... Ncxe4 $2 15. Bc1 $18) 15. Ndb5 $1 cxb5 16. Nxb5 Qe7 {[%emt 0:01:28] White is better.} 17. Nxd6 Ne6 18. e5 {[%emt 0:00:44][%mdl 64] Deflection} Nd7 19. Nxe8 {[%emt 0:03:28] White has more active pieces.} (19. Bxb7 $2 {perishes.} Bxb7 20. Nxb7 Nxe5 $19) 19... Qxe8 20. f4 {[%emt 0:00:34][%cal Bf2f4,Bf4f5][%mdl 32] [#]} Ndc5 $146 (20... Nd8 $16 {keeps fighting.} 21. Qa4 Ra6) ({Predecessor:} 20... Bf8 21. g4 Ng7 22. Qf2 Nb8 23. Bc5 Nc6 24. Bd6 Be6 25. b3 Qc8 26. Bxf8 Qxf8 27. Be4 Re8 28. f5 Bc8 29. e6 fxe6 30. f6 {1-0 (30) Wojtkiewicz,A (2460)-Garkov,M (2415) Warsaw 1989}) 21. g4 $18 Bf8 (21... Nd7 $142 22. f5 Nef8) 22. Kh1 (22. f5 $18 {is more deadly.}) 22... Bd7 (22... Ng7 $16) 23. f5 $36 {[%emt 0:02:36][%mdl 2048] White is on the roll.} Ng7 (23... Nd8 $142 24. Bd5 Rc8 25. fxg6 hxg6) 24. e6 Bc6 25. Bd4 {[%emt 0:00:38][%cal Oe6e7] [#] aiming for e7!} gxf5 (25... Bxg2+ {is a better defense.} 26. Qxg2 Rd8 27. Bxc5 Rxd1 28. Rxd1 Bxc5 29. Qxb7 Nxe6) 26. e7 $1 {[%emt 0:00:27] Really sharp!} ({Less strong is} 26. gxf5 fxe6 27. fxe6 Ncxe6 $11) 26... Nce6 (26... Bxe7 27. Bxc5 Be4 28. Bxe4 fxe4 29. Rxe4 Ne6 30. Bxe7 Qxe7) 27. exf8=Q+ Qxf8 28. Bxc6 Nxd4 29. Rxd4 Qc5 (29... bxc6 $142 30. gxf5 Rd8) 30. Bxb7 {[%emt 0:00:32] And now Rd7 would win.} Rb8 31. Rd7 fxg4 32. Bd5 {[%emt 0:00:11] White mates.} gxh3 33. Rxf7 Kh8 34. Qc3 {[%emt 0:00:09][%csl LRg7,LRh3] Weighted Error Value: White=0.35/Black=0.77} 1-0